Description

A triple-prong attack, with reactor first.

VOD

https://www.youtube.com/watch?v=_bGfMZS0XsI

Replay - 2020-07-05 - (Z)GameOfDrones VS (T)llllllllllll

Build Order

Get SALT Encoding   

  12  0:02  SCV  
  14  0:14  SCV  
  14  0:18  Supply Depot  
  14  0:26  SCV  
  15  0:39  SCV  
  15  0:40  Barracks  
  16  0:44  Refinery  
  16  0:51  SCV  
  17  1:03  SCV  
  18  1:15  SCV  
  19  1:27  Barracks Reactor  
  19  1:28  Orbital Command  
  19  1:40  Command Center  
  19  1:48  Supply Depot  
  19  1:55  SCV  
  20  2:03  Marine x2  
  20  2:07  SCV  
  23  2:13  Factory  
  23  2:19  SCV  
  23  2:21  Marine x2  
  26  2:26  Refinery  
  27  2:39  Marine x2  
  30  2:52  Orbital Command  
  31  2:59  Starport  
  31  3:01  Factory Reactor  
  31  3:02  Marine x2  
  33  3:16  Supply Depot  
  34  3:24  Marine x2  
  39  3:40  Supply Depot  
  39  3:45  Medivac x2  
  47  3:50  Widow Mine  
  53  4:05  Fusion Core  
  55  4:23  Command Center  
  55  4:33  Hellion x2  
  61  4:39  Starport Tech Lab  
  61  4:40  Supply Depot  
  62  5:01  Hellion  
  61  5:08  Battlecruiser  
  61  5:18  Hellion x2  
  57  5:28  Refinery x2  
  59  5:40  Hellion x2  
  65  5:54  Factory x2  
  67  6:01  Orbital Command  
  67  6:04  Hellion x2  
  73  6:21  Battlecruiser  
  71  6:26  Hellion  
  71  6:29  Refinery x2  
  77  6:44  Factory Tech Lab x2  
  78  6:52  Armory x2  
  77  7:13  Siege Tank x2  
  90  7:27  Command Center  
  91  7:30  Engineering Bay  
  91  7:41  Battlecruiser  
  100  7:54  Thor  
  106  8:07  Thor  
  116  8:38  Factory x2  
  118  8:45  Battlecruiser  
  120  9:07  Siege Tank x2  
  120  9:08  Widow Mine  
  130  9:18  Command Center  
  132  9:32  Factory Tech Lab  
  132  9:33  Factory Reactor  
  134  9:39  Thor  
  140  9:59  Thor  
Spawning Tool Build Advisor. Get it on Overwolf

Go to:

Details

  • Created by: SecondTheory
  • Published on: Jul 09, 2020
  • Modified on: Jul 09, 2020
  • Patch: 4.11.0
  • Difficulty: Medium
Show
View Real Time Build Order
Export as new Build Order

Comments (0)

There are no comments. Be the first!

Create an account to comment!